 Dungeon Sprint DCSS version 0.17-a0-1830-g81820eb (webtiles) character file.

119919 Kidiri the Impregnable (level 16, 0/114 HPs)
             Began as a Gargoyle Fighter on Sept 13, 2015.
             Was a High Priest of Okawaru.
             Slain by an Ice Fiend (12 damage)
             ... created by a Zot trap
             ... in the Dungeon (Sprint III: "The Ten Rune Challenge").
             The game lasted 00:57:17 (12711 turns).

Kidiri the Impregnable (Gargoyle Fighter)          Turns: 12711, Time: 00:57:18

Health: 0/114      AC: 38    Str: 28    XL:     16   Next: 4%
Magic:  31/31      EV: 16    Int:  7    God:    Okawaru [*****.]
Gold:   95         SH: 30    Dex: 14    Spells: 0 memorised, 15 levels left

rFire  + + .     SeeInvis .     a - +4 demon whip of Turmoil {drain, +Blink rElec Int-3 Stlth+}
rCold  + . .     Clarity  .     R - +0 plate armour
rNeg   + + .     SustAt   .     f - +2 large shield {reflect}
rPois  ∞         Gourm    .     c - +1 hat {MR+}
rElec  +         Spirit   .     n - +0 cloak
rCorr  .         Warding  .     C - +2 pair of gloves {Str+3}
rMut   .         NoTele   +     d - +0 pair of boots of the Gardener {*Drain rN+ Str+4}
MR     +++..                    D - amulet of regeneration
Stlth  ..........               (no ring)
                                u - ring of protection from fire

@: flying, extremely resistant to hostile enchantments, extremely unstealthy
A: antennae 2, big wings, hooves 1, large bone plates 1, cold resistance 1,
deformed body, fire resistance 1, high mp 1, magic resistance 1, negative energy
resistance 1, electricity resistance, unbreathing, petrification resistance, rot
immunity, AC +11
a: Stop Flying, Heroism, Finesse, Renounce Religion, Evoke Blink
}: 2/10 runes: serpentine, barnacled


You were in the Dungeon.
You worshipped Okawaru.
Okawaru was extremely pleased with you.
You were not hungry.

You visited 1 branch You collected 1683 gold pieces.
You spent 1588 gold pieces at shops.

Inventory:

Hand weapons
 a - the +4 demon whip of Turmoil (weapon) {drain, +Blink rElec Int-3 Stlth+}
   (Okawaru gifted it to you in the Dungeon)

   A truly terrible weapon, it drains the life of those it strikes.
   It affects your intelligence (-3).
   It insulates you from electricity.
   It lets you blink.
   It makes you more stealthy.
Armour
 c - a +1 hat of magic resistance (worn)
 d - the +0 pair of boots of the Gardener (worn) {*Drain rN+ Str+4}
   (Okawaru gifted it to you in the Dungeon)

   It affects your strength (+4).
   It protects you from negative energy.
   It causes draining when unequipped.
 f - a +2 large shield of reflection (worn)
 n - a +0 cloak (worn)
 C - a +2 pair of gloves of strength (worn)
 R - a +0 plate armour (worn)
Jewellery
 u - a ring of protection from fire (left hand)
 D - an amulet of regeneration (around neck)
Magical devices
 r - a wand of polymorph (10)
 y - a wand of heal wounds (5)
Scrolls
 b - a scroll of enchant weapon
 e - a scroll of random uselessness {unknown}
 k - 4 scrolls of blinking
 p - a scroll of torment
 q - a scroll of recharging
 v - a scroll of immolation
Potions
 g - a potion of curing
 h - 5 potions of haste
 i - 2 potions of magic
 j - 2 potions of berserk rage
 l - a potion of mutation
 m - a potion of invisibility
 o - 3 potions of heal wounds
 t - 3 potions of cure mutation
 x - a potion of brilliance
 z - a potion of lignification
 A - a potion of agility
 B - a potion of poison {unknown}
Comestibles
 s - 21 royal jellies


   Skills:
 + Level 18.0 Fighting
 - Level 17.1 Maces & Flails
 * Level 23.7 Armour
 + Level 14.1 Dodging
 * Level 23.6 Shields
 + Level 16.9 Invocations


You had 15 spell levels left.
You didn't know any spells.

Dungeon Overview and Level Annotations

Branches:
Dungeon (1/1)

Altars:
Cheibriados
Dithmenos
Elyvilon
Fedhas
Gozag
Kikubaaqudgha
Makhleb
Nemelex Xobeh
Okawaru
Qazlal
Ru
Sif Muna
Trog
Vehumet
Xom
Yredelemnul
Zin
The Shining One
Jiyva
Lugonu

Shops:
D !}[(}?(:}!([%*=:?}?


Innate Abilities, Weirdness & Mutations

You are resistant to torment.
Your stone body is resilient (AC +11).
You are immune to poison.
Your large and strong wings let you fly indefinitely.
You resist negative energy.
You are resistant to electric shocks.
You can survive without breathing.
You are immune to petrification.
You are immune to rotting.
You have a pair of antennae on your head.
You have large cloven feet.
You are partially covered in large bone plates (AC +2, SH +2).
Your flesh is cold resistant.
Armour fits poorly on your strangely shaped body.
Your flesh is heat resistant.
You have an increased reservoir of magic (+10% MP).
You are resistant to hostile enchantments.


Message History

The reaper is heavily wounded.
You hit the reaper but do no damage.
The reaper is heavily wounded.
You block the reaper's attack. You block the Ice Fiend's attack.
The Ice Fiend claws you! The Ice Fiend freezes you!! You resist.
* * * LOW HITPOINT WARNING * * *
You whack the reaper!
The reaper is severely wounded.
You closely miss the reaper.
The reaper is severely wounded.
The Ice Fiend claws you but does no damage.
You block the Ice Fiend's attack.
You closely miss the reaper.
The reaper is severely wounded.
The reaper hits you with a scythe of protection!
* * * LOW HITPOINT WARNING * * *
You hit the reaper but do no damage.
The reaper is severely wounded.
The Ice Fiend claws you!
You die...

∩.#.....#.#..#......#
∩.#....)#.#..#......#
..#.#.#.+.#..#....^.#
###..#..#.#(.#....^^#
♣.#)....###########'#
..#################.#
..#[#)#[#)#.#)#.#.#.#
..#+#+#+#+#+#+#+#+#'#
..#^)^^..^....^1@2..#
###.^.^......^^...^.#
**#+#+#+#+#+#+#+#+#+#
*,#.#)#)#)#.#[#(#.#.#
*{▓+▓▓▓▓▓▓▓▓▓▓▓▓▓▓▓▓▓
{{▓..#.^..^......^^.#
*,▓..#.^^...........#
*,▓.^#..##########..#
**▓..#..#,{{{,,,,#..#


You could see an Ice Fiend and a reaper.

Vanquished Creatures
  Norris (D)
  3 bone dragons (D)
  A lich (D)
  Rupert (D)
  A kraken (D)
  Gastronok (D)
  2 sphinxes (D)
  Harold (D)
  Chuck (D)
  2 shadow dragons (D)
  4 azure jellies (D)
  A greater naga (D)
  Maud (D)
  2 vampire knights (D)
  A deep elf demonologist (D)
  Azrael (D)
  2 dire elephants (D)
  3 mummy priests (D)
  Josephine (D)
  A fire dragon (D)
  A naga warrior (D)
  3 centaur warriors (D)
  2 yaktaur captains (D)
  3 alligator snapping turtles (D)
  5 anacondas (D)
  An ogre mage (D)
  4 dancing weapons (D)
  4 death yaks (D)
  4 orc high priests (D)
  A sea snake (shapeshifter) (D)
  6 skeletal warriors (D)
  2 deep elf summoners (D)
  A spriggan druid (D)
  An anubis guard (shapeshifter) (D)
  A death drake (D)
  2 unseen horrors (D)
  2 obsidian statues (D)
  A hill giant (shapeshifter) (D)
  Joseph (D)
  2 deep elf conjurers (D)
  A lindwurm (D)
  4 crystal guardians (D)
  2 orc sorcerers (D)
  A faun (shapeshifter) (D)
  4 ugly things (D)
  2 elephants (D)
  A guardian serpent (D)
  7 black mambas (D)
  2 spiny frogs (D)
  A komodo dragon (D)
  3 yaktaurs (D)
  A spiny frog (shapeshifter) (D)
  11 guardian mummies (D)
  A fire drake (D)
  A queen bee (D)
  2 deep elf priests (D)
  4 spriggan defenders (D)
  3 wandering mushrooms (D)
  2 slime creatures (D)
  8 blink frogs (D)
  2 spriggans (D)
  3 snapping turtles (D)
  3 redbacks (D)
  A shadow (D)
  2 nagas (D)
  6 water moccasins (D)
  A swamp drake (D)
  2 orc warriors (D)
  A necrophage (D)
  2 centaurs (D)
  An earth elemental (D)
  2 brain worms (D)
  A water elemental (D)
  32 killer bees (D)
  A jelly (D)
  2 orc wizards (D)
  Crazy Yiuf (D)
  4 orc priests (D)
  Jessica (D)
  A wizard (D)
  2 necromancers (D)
  A kobold demonologist (D)
  3 humans (D)
  4 adders (D)
  An adder zombie (D)
  An ooze (D)
  6 orcs (D)
  A bat zombie (D)
  A goblin (D)
  A ball python zombie (D)
  3 rats (D)
  A ballistomycete (D)
  7 bushes (D)
  A fungus (D)
  17 plants (D)
  A tentacle (D)
259 creatures vanquished.

Vanquished Creatures (others)
  2 draconian scorchers (D)
  Nessos (D)
  2 hydras (D)
  3 yaktaurs (D)
  An electric eel (D)
  A bush (D)
  A giant spore (D)
  12 plants (D)
  39 tentacles (D)
  281 tentacle segments (D)
343 creatures vanquished.

Grand Total: 602 creatures vanquished

Notes
Turn   | Place    | Note
--------------------------------------------------------------
     0 | D        | Kidiri the Gargoyle Fighter began the quest for the Orb.
     0 | D        | Reached XP level 1. HP: 14/14 MP: 1/1
    79 | D        | Noticed Jessica
    82 | D        | Killed Jessica
    82 | D        | Reached skill level 4 in Fighting
    82 | D        | Reached skill level 1 in Dodging
    82 | D        | Reached XP level 2. HP: 17/20 MP: 2/2
    82 | D        | Reached XP level 3. HP: 20/24 MP: 3/3
    82 | D        | Killed a yaktaur
   165 | D        | Reached skill level 5 in Armour
   165 | D        | Reached skill level 5 in Shields
   186 | D        | Noticed Crazy Yiuf
   196 | D        | Killed Crazy Yiuf
   196 | D        | Reached XP level 4. HP: 26/30 MP: 4/4
   237 | D        | Gained mutation: You are partially covered in large bone plates (AC +2, SH +2). [potion of mutation]
   237 | D        | Gained mutation: Your large and strong wings let you fly indefinitely. [potion of mutation]
   237 | D        | Gained mutation: You are partially covered in thin metallic scales (AC +2). [potion of mutation]
   238 | D        | Gained mutation: Your flesh is heat resistant. [potion of mutation]
   254 | D        | Killed a white draconian scorcher
   265 | D        | Noticed a water elemental
   267 | D        | Killed a white draconian scorcher
   286 | D        | Killed a water elemental
   286 | D        | Reached skill level 5 in Fighting
   286 | D        | Reached skill level 5 in Maces & Flails
   286 | D        | Reached skill level 6 in Armour
   286 | D        | Reached XP level 5. HP: 29/35 MP: 5/5
   346 | D        | Found an iron altar of Okawaru.
   346 | D        | Found a bloodstained altar of Trog.
   346 | D        | Noticed a human
   346 | D        | Noticed a human
   411 | D        | Killed a human
   411 | D        | Reached skill level 7 in Armour
   411 | D        | Reached XP level 6. HP: 39/41 MP: 6/6
   428 | D        | Killed a human
   428 | D        | Reached skill level 8 in Armour
   462 | D        | Became a worshipper of Warmaster Okawaru
   470 | D        | Found a glowing silver altar of Zin.
   471 | D        | Found a glowing golden altar of the Shining One.
   471 | D        | Found a white marble altar of Elyvilon.
   471 | D        | Noticed a deep elf priest
   488 | D        | Killed a deep elf priest
   488 | D        | Acquired Okawaru's first power
   488 | D        | Reached skill level 9 in Armour
   488 | D        | Reached XP level 7. HP: 27/47 MP: 6/8
   626 | D        | Found a radiant altar of Vehumet.
   627 | D        | Noticed a wizard
   629 | D        | Killed a wizard
   633 | D        | Found a deep blue altar of Sif Muna.
   633 | D        | Found an ancient bone altar of Kikubaaqudgha.
   669 | D        | Found a basalt altar of Yredelemnul.
   669 | D        | Found a snail-covered altar of Cheibriados.
   669 | D        | Found a blossoming altar of Fedhas.
   669 | D        | Noticed a necrophage
   669 | D        | Noticed a necromancer
   681 | D        | Killed a necromancer
   687 | D        | Killed a necrophage
   762 | D        | Noticed a jelly
   763 | D        | Noticed a shadow
   776 | D        | Killed a shadow
   776 | D        | Reached skill level 10 in Armour
   776 | D        | Reached XP level 8. HP: 36/53 MP: 10/10
   779 | D        | Killed a jelly
   909 | D        | Found a stormy altar of Qazlal.
   910 | D        | Found a sacrificial altar of Ru.
   910 | D        | Found a burning altar of Makhleb.
   910 | D        | Found a viscous altar of Jiyva.
   910 | D        | Found a shimmering altar of Xom.
   910 | D        | Found a shadowy altar of Dithmenos.
   910 | D        | Found a sparkling altar of Nemelex Xobeh.
   910 | D        | Found a corrupted altar of Lugonu.
   910 | D        | Found an opulent altar of Gozag.
   910 | D        | Noticed a spatial vortex
  1020 | D        | Killed a yaktaur
  1043 | D        | Noticed Josephine
  1077 | D        | Killed Josephine
  1077 | D        | Reached skill level 11 in Armour
  1077 | D        | Reached skill level 5 in Dodging
  1077 | D        | Reached skill level 10 in Shields
  1077 | D        | Reached XP level 9. HP: 32/59 MP: 10/12
  1223 | D        | Noticed an earth elemental
  1241 | D        | Killed an earth elemental
  1450 | D        | Noticed a centaur
  1450 | D        | Noticed a centaur warrior
  1450 | D        | Noticed a centaur
  1458 | D        | Killed a centaur
  1458 | D        | Reached skill level 10 in Maces & Flails
  1458 | D        | Reached skill level 5 in Invocations
  1480 | D        | Killed a centaur warrior
  1486 | D        | Killed a centaur
  1780 | D        | Killed an unseen horror
  1780 | D        | Reached skill level 12 in Armour
  2191 | D        | Killed an unseen horror
  2191 | D        | Reached XP level 10. HP: 38/66 MP: 11/14
  2257 | D        | Killed a yaktaur
  2326 | D        | Noticed a killer bee
  2326 | D        | Noticed a killer bee
  2326 | D        | Noticed a killer bee
  2326 | D        | Noticed a killer bee
  2326 | D        | Noticed a killer bee
  2326 | D        | Noticed a killer bee
  2326 | D        | Noticed a killer bee
  2326 | D        | Noticed a killer bee
  2326 | D        | Noticed a killer bee
  2326 | D        | Noticed a killer bee
  2326 | D        | Noticed a killer bee
  2326 | D        | Noticed a killer bee
  2326 | D        | Noticed a killer bee
  2326 | D        | Noticed a killer bee
  2326 | D        | Noticed a killer bee
  2326 | D        | Noticed a killer bee
  2327 | D        | Noticed a killer bee
  2327 | D        | Noticed a killer bee
  2328 | D        | Noticed a killer bee
  2328 | D        | Noticed a killer bee
  2330 | D        | Noticed a killer bee
  2330 | D        | Killed a killer bee
  2331 | D        | Noticed a killer bee
  2331 | D        | Noticed a queen bee
  2331 | D        | Noticed a killer bee
  2334 | D        | Noticed a killer bee
  2334 | D        | Killed a killer bee
  2335 | D        | Noticed a killer bee
  2337 | D        | Noticed a killer bee
  2338 | D        | Noticed a killer bee
  2338 | D        | Noticed a killer bee
  2340 | D        | Noticed a killer bee
  2340 | D        | Noticed a killer bee
  2341 | D        | Noticed a killer bee
  2346 | D        | Killed a killer bee
  2352 | D        | Noticed a killer bee
  2357 | D        | Killed a killer bee
  2361 | D        | Killed a killer bee
  2367 | D        | Killed a killer bee
  2370 | D        | Killed a killer bee
  2381 | D        | Killed a killer bee
  2394 | D        | Killed a killer bee
  2400 | D        | Killed a killer bee
  2406 | D        | Killed a killer bee
  2414 | D        | Killed a killer bee
  2417 | D        | Killed a killer bee
  2423 | D        | Killed a killer bee
  2425 | D        | Killed a killer bee
  2430 | D        | Killed a killer bee
  2432 | D        | Killed a killer bee
  2438 | D        | Killed a killer bee
  2440 | D        | Killed a killer bee
  2440 | D        | Reached skill level 13 in Armour
  2443 | D        | Killed a killer bee
  2452 | D        | Killed a killer bee
  2455 | D        | Killed a killer bee
  2466 | D        | Killed a killer bee
  2481 | D        | Killed a killer bee
  2485 | D        | Killed a killer bee
  2486 | D        | Killed a killer bee
  2487 | D        | Killed a killer bee
  2491 | D        | Killed a killer bee
  2496 | D        | Killed a killer bee
  2502 | D        | Killed a killer bee
  2509 | D        | Killed a killer bee
  2513 | D        | Killed a killer bee
  2520 | D        | Killed a queen bee
  2520 | D        | Acquired Okawaru's second power
  2713 | D        | Noticed a wandering mushroom
  2722 | D        | Noticed a wandering mushroom
  2734 | D        | Killed a wandering mushroom
  2734 | D        | Reached skill level 10 in Fighting
  2735 | D        | Noticed a wandering mushroom
  2743 | D        | Killed a wandering mushroom
  2751 | D        | Killed a wandering mushroom
  2764 | D        | Noticed a spiny frog
  2764 | D        | Noticed a komodo dragon
  2764 | D        | Noticed a spiny frog
  2769 | D        | Killed a spiny frog
  2781 | D        | Killed a spiny frog
  2781 | D        | Received a gift from Okawaru
  2781 | D        | Reached XP level 11. HP: 73/73 MP: 14/16
  2788 | D        | Killed a komodo dragon
  2789 | D        | Got an ichor-stained hat {god gift}
  2795 | D        | Identified the -1 hat of Janeps {Stlth+} (Okawaru gifted it to you in the Dungeon)
  2823 | D        | Killed a seven-headed hydra
  2827 | D        | Noticed a redback
  2833 | D        | Killed a redback
  2836 | D        | Noticed a brain worm
  2843 | D        | Killed a brain worm
  2847 | D        | Noticed a brain worm
  2851 | D        | Killed a brain worm
  3007 | D        | Noticed a lindwurm
  3010 | D        | Noticed a redback
  3028 | D        | Killed a lindwurm
  3028 | D        | Reached skill level 14 in Armour
  3031 | D        | Killed a redback
  3038 | D        | Noticed a redback
  3039 | D        | Killed a redback
  3050 | D        | Killed a six-headed hydra
  3140 | D        | Noticed Maud
  3166 | D        | Killed Maud
  3259 | D        | Killed Nessos
  3338 | D        | Killed an electric eel
  3447 | D        | Noticed a death drake
  3463 | D        | Killed a death drake
  3471 | D        | Found a blossoming altar of Fedhas.
  3471 | D        | Noticed a spriggan
  3471 | D        | Noticed a spriggan druid
  3471 | D        | Noticed a spriggan
  3487 | D        | Killed a spriggan druid
  3507 | D        | Killed a spriggan
  3512 | D        | Killed a spriggan
  3552 | D        | Noticed a black mamba
  3552 | D        | Noticed an anaconda
  3552 | D        | Noticed an anaconda
  3552 | D        | Noticed a water moccasin
  3552 | D        | Noticed an anaconda
  3553 | D        | Noticed a water moccasin
  3554 | D        | Noticed a black mamba
  3600 | D        | Killed an anaconda
  3612 | D        | Killed an anaconda
  3612 | D        | Reached skill level 15 in Armour
  3612 | D        | Reached skill level 15 in Shields
  3624 | D        | Killed a black mamba
  3624 | D        | Received a gift from Okawaru
  3628 | D        | Killed a water moccasin
  3645 | D        | Killed a water moccasin
  3672 | D        | Killed a black mamba
  3865 | D        | Noticed a black mamba
  3867 | D        | Noticed a water moccasin
  3881 | D        | Killed a black mamba
  3883 | D        | Killed a water moccasin
  3900 | D        | Killed an anaconda
  3900 | D        | Reached XP level 12. HP: 36/80 MP: 19/19
  4013 | D        | Noticed a water moccasin
  4021 | D        | Killed a water moccasin
  4084 | D        | Noticed a water moccasin
  4097 | D        | Killed a water moccasin
  4125 | D        | Noticed an anaconda
  4156 | D        | Killed an anaconda
  4210 | D        | Noticed a water moccasin
  4210 | D        | Noticed a black mamba
  4210 | D        | Noticed an anaconda
  4211 | D        | Noticed a black mamba
  4226 | D        | Killed an anaconda
  4226 | D        | Reached skill level 10 in Invocations
  4233 | D        | Killed a black mamba
  4237 | D        | Killed a water moccasin
  4256 | D        | Killed a black mamba
  4296 | D        | Noticed a naga
  4296 | D        | Noticed a naga
  4297 | D        | Noticed a naga warrior
  4297 | D        | Noticed a greater naga
  4374 | D        | Killed a greater naga
  4374 | D        | Reached skill level 16 in Armour
  4384 | D        | Killed a naga
  4427 | D        | Killed a naga warrior
  4447 | D        | Killed a naga
  4449 | D        | Found Rept's Antique Weapon Shop.
  4449 | D        | Found Ischucoch's Gadget Shoppe.
  4453 | D        | Found Nyv Wui's Magic Scroll Boutique.
  4462 | D        | Noticed a guardian serpent
  4493 | D        | Killed a guardian serpent
  4493 | D        | Reached skill level 15 in Maces & Flails
  4497 | D        | Gained mutation: You have an increased reservoir of magic (+10% MP). [mutagenic meat]
  4498 | D        | Gained mutation: You are resistant to hostile enchantments. [mutagenic meat]
  4549 | D        | Got a serpentine rune of Zot
  4641 | D        | Noticed a swamp drake
  4641 | D        | Noticed a fire drake
  4649 | D        | Killed a fire drake
  4656 | D        | Killed a swamp drake
  4697 | D        | Noticed a blink frog
  4697 | D        | Noticed a blink frog
  4698 | D        | Noticed a blink frog
  4698 | D        | Noticed a blink frog
  4698 | D        | Noticed a blink frog
  4704 | D        | Killed a blink frog
  4709 | D        | Killed a blink frog
  4718 | D        | Killed a blink frog
  4727 | D        | Killed a blink frog
  4731 | D        | Killed a blink frog
  4760 | D        | Noticed Rupert
  4778 | D        | Paralysed by Rupert for 6 turns
  4813 | D        | Killed Rupert
  5186 | D        | Noticed a death yak
  5187 | D        | Noticed a death yak
  5187 | D        | Noticed a blink frog
  5188 | D        | Noticed a blink frog
  5190 | D        | Noticed a death yak
  5191 | D        | Noticed a death yak
  5194 | D        | Noticed a blink frog
  5206 | D        | Killed a death yak
  5223 | D        | Noticed a black mamba
  5229 | D        | Killed a death yak
  5229 | D        | Reached skill level 17 in Armour
  5229 | D        | Reached XP level 13. HP: 81/87 MP: 17/23
  5252 | D        | Killed a death yak
  5259 | D        | Noticed a black mamba
  5265 | D        | Killed a death yak
  5282 | D        | Killed a black mamba
  5291 | D        | Noticed an azure jelly
  5291 | D        | Noticed an azure jelly
  5302 | D        | Killed a blink frog
  5308 | D        | Killed a blink frog
  5311 | D        | Killed a black mamba
  5312 | D        | Noticed an azure jelly
  5312 | D        | Noticed an azure jelly
  5318 | D        | Killed a blink frog
  5422 | D        | Noticed a snapping turtle
  5454 | D        | Killed a snapping turtle
  5454 | D        | Reached skill level 10 in Dodging
  5455 | D        | Noticed a kraken
  5486 | D        | HP: 3/88 [kraken (26)]
  5878 | D        | Noticed an elephant
  5878 | D        | Noticed an elephant
  5878 | D        | Noticed a dire elephant
  5878 | D        | Noticed a dire elephant
  5878 | D        | Noticed Gastronok
  5912 | D        | Killed a dire elephant
  5912 | D        | Received a gift from Okawaru
  5930 | D        | Killed a dire elephant
  5940 | D        | Killed an elephant
  5962 | D        | Killed Gastronok
  5994 | D        | Killed an elephant
  6286 | D        | Killed an azure jelly
  6286 | D        | Reached skill level 18 in Armour
  6295 | D        | Killed an azure jelly
  6295 | D        | Received a gift from Okawaru
  6305 | D        | Killed an azure jelly
  6335 | D        | Killed an azure jelly
  6615 | D        | Noticed a snapping turtle
  6654 | D        | Killed a snapping turtle
  6751 | D        | Noticed an alligator snapping turtle
  6751 | D        | Noticed an alligator snapping turtle
  6752 | D        | Noticed an alligator snapping turtle
  6752 | D        | Found Erilun's Distillery.
  6752 | D        | Found Guowoec's Gadget Boutique.
  6752 | D        | Found Uxteutz's Antique Armour Shop.
  6752 | D        | Noticed a snapping turtle
  7365 | D        | Noticed an orc warrior
  7365 | D        | Noticed an orc priest
  7365 | D        | Noticed an orc priest
  7365 | D        | Noticed an orc sorcerer
  7369 | D        | Noticed an orc high priest
  7369 | D        | Noticed an orc sorcerer
  7369 | D        | Noticed an orc warrior
  7370 | D        | Noticed an orc wizard
  7382 | D        | Killed an orc priest
  7393 | D        | Killed an orc warrior
  7395 | D        | Noticed an orc priest
  7399 | D        | Killed an orc warrior
  7420 | D        | Killed an orc sorcerer
  7424 | D        | Killed an orc wizard
  7429 | D        | Noticed an orc wizard
  7442 | D        | Killed an orc sorcerer
  7451 | D        | Killed an orc priest
  7456 | D        | Killed an orc high priest
  7460 | D        | Killed an orc wizard
  7463 | D        | Killed an orc priest
  7548 | D        | Found Mecluymm's Antique Weapon Emporium.
  7677 | D        | Noticed a deep elf summoner
  7677 | D        | Noticed a deep elf conjurer
  7677 | D        | Noticed a deep elf conjurer
  7677 | D        | Noticed a deep elf priest
  7677 | D        | Noticed a deep elf summoner
  7690 | D        | Killed a deep elf conjurer
  7703 | D        | Killed a deep elf summoner
  7709 | D        | Killed a deep elf priest
  7726 | D        | Killed a deep elf conjurer
  7743 | D        | Noticed a deep elf demonologist
  7743 | D        | Killed a deep elf summoner
  7743 | D        | Mutation became permanent: Your large and strong wings let you fly indefinitely. [Gargoyle growth]
  7743 | D        | Reached XP level 14. HP: 89/96 MP: 22/25
  7744 | D        | Noticed a deep elf conjurer
  7746 | D        | Noticed a deep elf death mage
  7912 | D        | Bought a scroll of identify for 20 gold pieces
  7912 | D        | Bought a scroll of identify for 20 gold pieces
  7912 | D        | Bought a scroll of enchant weapon for 75 gold pieces
  8219 | D        | Killed an alligator snapping turtle
  8219 | D        | Received a gift from Okawaru
  8220 | D        | Got a transparent demon whip {god gift}
  8221 | D        | Identified the +4 demon whip of Turmoil {drain, +Blink rElec Int-3 Stlth+} (Okawaru gifted it to you in the Dungeon)
  8233 | D        | Killed a snapping turtle
  8319 | D        | Killed an alligator snapping turtle
  8319 | D        | Reached skill level 19 in Armour
  8340 | D        | Killed an alligator snapping turtle
  8386 | D        | Killed a kraken
  8406 | D        | Got a barnacled rune of Zot
  8412 | D        | Bought a helmet for 112 gold pieces
  8412 | D        | Bought a pair of gloves for 112 gold pieces
  8430 | D        | Bought a potion of invisibility for 104 gold pieces
  8430 | D        | Bought a potion of berserk rage for 65 gold pieces
  8430 | D        | Bought 2 potions of heal wounds for 130 gold pieces
  8575 | D        | Noticed Harold
  8575 | D        | Noticed Joseph
  8590 | D        | Killed Joseph
  8599 | D        | Killed Harold
  8680 | D        | Noticed a deep elf demonologist
  8680 | D        | Noticed a deep elf demonologist
  8680 | D        | Noticed a deep elf death mage
  8682 | D        | Noticed a reaper
  8686 | D        | Noticed a deep elf blademaster
  8689 | D        | Killed a deep elf demonologist
  8921 | D        | Noticed a Shadow Fiend
  8960 | D        | Killed a Shadow Fiend
  9217 | D        | Noticed an orc high priest
  9217 | D        | Noticed an orc high priest
  9218 | D        | Noticed an orc priest
  9224 | D        | Noticed an orc high priest
  9240 | D        | Killed an orc high priest
  9245 | D        | Killed an orc priest
  9252 | D        | Killed an orc high priest
  9260 | D        | Killed an orc high priest
  9468 | D        | Noticed an obsidian statue
  9477 | D        | Killed an obsidian statue
  9489 | D        | Found Xuor Qom's Food Emporium.
  9489 | D        | Found Kinof's Jewellery Shop.
  9489 | D        | Found Zeqizon's Antique Weapon Boutique.
  9489 | D        | Found Saclelav's Magic Scroll Shoppe.
  9489 | D        | Found Cifoqi's Antique Armour Boutique.
  9489 | D        | Found Zinuace's General Store.
  9489 | D        | Found Esupo's Distillery.
  9489 | D        | Found Toerobb's Gadget Shop.
  9489 | D        | Found Aniywn's Gadget Shop.
  9489 | D        | Found Jolaenef's Magic Scroll Emporium.
  9489 | D        | Found Issoq's Book Emporium.
  9489 | D        | Found Namisod's Book Boutique.
  9506 | D        | Bought a potion of curing for 36 gold pieces
  9506 | D        | Bought a potion of haste for 120 gold pieces
  9506 | D        | Bought a potion of heal wounds for 60 gold pieces
  9506 | D        | Bought a potion of curing for 36 gold pieces
  9506 | D        | Bought a potion of heal wounds for 60 gold pieces
  9506 | D        | Bought a potion of mutation for 30 gold pieces
  9506 | D        | Bought 2 potions of haste for 240 gold pieces
  9507 | D        | Bought a warped flail for 263 gold pieces
  9507 | D        | Identified the +2 flail "Pusebig" {crush, *Drain rElec SInv} (You bought it in a shop in the Dungeon)
  9647 | D        | Noticed a spriggan defender
  9648 | D        | Noticed a spriggan defender
  9648 | D        | Noticed a spriggan defender
  9650 | D        | Noticed a spriggan defender
  9674 | D        | Killed a spriggan defender
  9688 | D        | Killed a spriggan defender
  9689 | D        | Killed a spriggan defender
  9691 | D        | Killed a spriggan defender
  9788 | D        | Noticed a yaktaur captain
  9788 | D        | Noticed a yaktaur
  9788 | D        | Noticed a yaktaur
  9789 | D        | Noticed a yaktaur
  9793 | D        | Killed a yaktaur captain
  9805 | D        | Killed a yaktaur
  9805 | D        | Reached skill level 20 in Armour
  9815 | D        | Killed a yaktaur
  9815 | D        | Reached skill level 15 in Fighting
  9824 | D        | Killed a yaktaur
  9846 | D        | Noticed Azrael
  9864 | D        | Killed Azrael
  9957 | D        | Noticed a crystal guardian
  9957 | D        | Noticed a crystal guardian
  9957 | D        | Noticed a crystal guardian
  9957 | D        | Noticed a crystal guardian
  9972 | D        | Killed a crystal guardian
  9983 | D        | Killed a crystal guardian
  9989 | D        | Killed a crystal guardian
 10007 | D        | Killed a crystal guardian
 10111 | D        | Noticed a centaur warrior
 10111 | D        | Noticed a death drake
 10112 | D        | a death drake changed into an anubis guard
 10126 | D        | Killed a centaur warrior
 10149 | D        | Noticed a centaur warrior
 10156 | D        | Killed a centaur warrior
 10163 | D        | Noticed a fire dragon
 10180 | D        | Killed a fire dragon
 10219 | D        | Noticed a long sword of flaming
 10219 | D        | Noticed a halberd of flaming
 10219 | D        | Noticed an enchanted battleaxe
 10232 | D        | Killed a long sword of flaming
 10244 | D        | Killed a halberd of flaming
 10259 | D        | Killed an enchanted battleaxe
 10307 | D        | Noticed a glaive of venom
 10322 | D        | Killed a glaive of venom
 10372 | D        | Noticed a yaktaur captain
 10372 | D        | Noticed a white ugly thing
 10372 | D        | Noticed a swamp dragon
 10373 | D        | Noticed a cyan ugly thing
 10373 | D        | Noticed a slime creature
 10373 | D        | Noticed a merfolk
 10373 | D        | Noticed a slime creature
 10373 | D        | a swamp dragon changed into a salamander
 10373 | D        | a merfolk changed into an anubis guard
 10380 | D        | Killed a cyan ugly thing
 10382 | D        | Killed a white ugly thing
 10387 | D        | Killed a slime creature
 10424 | D        | Killed a yaktaur captain
 10433 | D        | Gained mutation: You are clumsy. (Dex -2) [mutagenic meat]
 10435 | D        | Lost mutation: You are clumsy. (Dex -2) [mutagenic meat]
 10436 | D        | Gained mutation: Armour fits poorly on your strangely shaped body. [mutagenic meat]
 10437 | D        | Gained mutation: You have large cloven feet. [mutagenic meat]
 10438 | D        | Gained mutation: Your flesh is cold resistant. [mutagenic meat]
 10439 | D        | Gained mutation: You have a pair of small antennae on your head. [mutagenic meat]
 10712 | D        | Noticed Chuck
 10723 | D        | Killed Chuck
 10723 | D        | Reached skill level 21 in Armour
 10757 | D        | Noticed a slime creature
 10764 | D        | Killed a slime creature
 10765 | D        | Noticed Norris
 10847 | D        | Killed Norris
 10847 | D        | Received a gift from Okawaru
 10847 | D        | Reached XP level 15. HP: 69/104 MP: 21/28
 10933 | D        | Noticed an anubis guard
 10935 | D        | an anubis guard changed into a sea snake
 10945 | D        | Reached skill level 15 in Invocations
 10957 | D        | Noticed a lich
 10959 | D        | Paralysed by a lich for 3 turns
 10985 | D        | Killed a lich
 11046 | D        | Noticed a cyan ugly thing
 11047 | D        | Noticed a white ugly thing
 11059 | D        | Killed a cyan ugly thing
 11063 | D        | Gained mutation: You have a pair of antennae on your head. [mutagenic meat]
 11069 | D        | Noticed a shadow dragon
 11069 | D        | Noticed an ogre mage
 11069 | D        | Noticed a shadow dragon
 11089 | D        | Killed a white ugly thing
 11114 | D        | Killed a shadow dragon
 11120 | D        | Killed an ogre mage
 11152 | D        | Killed a shadow dragon
 11152 | D        | Reached skill level 22 in Armour
 11160 | D        | Lost mutation: You are partially covered in thin metallic scales (AC +2). [mutagenic meat]
 11183 | D        | Noticed an obsidian statue
 11202 | D        | Killed an obsidian statue
 11302 | D        | Noticed a bone dragon
 11347 | D        | Killed a bone dragon
 11347 | D        | Received a gift from Okawaru
 11348 | D        | Got a pair of bloodstained boots {god gift}
 11354 | D        | Identified the +0 pair of boots of the Gardener {*Drain rN+ Str+4} (Okawaru gifted it to you in the Dungeon)
 11420 | D        | Noticed a bone dragon
 11460 | D        | Killed a bone dragon
 11475 | D        | Got a crude robe
 11486 | D        | Identified the cursed +0 robe of Ceowas {+Fly MR+} (You found it in the Dungeon)
 11550 | D        | Bought a scroll of enchant armour for 75 gold pieces
 11550 | D        | Bought a scroll of remove curse for 30 gold pieces
 11647 | D        | Noticed a bone dragon
 11680 | D        | Killed a bone dragon
 11687 | D        | Noticed a guardian mummy
 11694 | D        | Killed a guardian mummy
 11723 | D        | Noticed a skeletal warrior
 11735 | D        | Killed a skeletal warrior
 11745 | D        | Noticed a vampire knight
 11761 | D        | Killed a vampire knight
 11784 | D        | Noticed a guardian mummy
 11790 | D        | Killed a guardian mummy
 11856 | D        | Noticed a skeletal warrior
 11870 | D        | Killed a skeletal warrior
 11884 | D        | Noticed a skeletal warrior
 11899 | D        | Killed a skeletal warrior
 11908 | D        | Noticed a necromancer
 11911 | D        | Killed a necromancer
 11925 | D        | Noticed a skeletal warrior
 11930 | D        | Killed a skeletal warrior
 11942 | D        | Noticed a skeletal warrior
 11959 | D        | Killed a skeletal warrior
 11959 | D        | Reached skill level 23 in Armour
 11971 | D        | Noticed a skeletal warrior
 11990 | D        | Killed a skeletal warrior
 12007 | D        | Noticed a vampire knight
 12021 | D        | Killed a vampire knight
 12028 | D        | Noticed a sphinx
 12028 | D        | Noticed a sphinx
 12029 | D        | Noticed a guardian mummy
 12048 | D        | Killed a sphinx
 12053 | D        | Killed a sphinx
 12058 | D        | Killed a guardian mummy
 12134 | D        | Noticed a guardian mummy
 12140 | D        | Killed a guardian mummy
 12177 | D        | Noticed a mummy priest
 12177 | D        | Noticed a guardian mummy
 12193 | D        | Killed a mummy priest
 12199 | D        | Killed a guardian mummy
 12303 | D        | Noticed a mummy priest
 12306 | D        | Noticed a guardian mummy
 12314 | D        | Killed a mummy priest
 12332 | D        | Killed a guardian mummy
 12443 | D        | Noticed a guardian mummy
 12450 | D        | Killed a guardian mummy
 12450 | D        | Reached XP level 16. HP: 86/114 MP: 31/31
 12493 | D        | Noticed a guardian mummy
 12493 | D        | Noticed a guardian mummy
 12504 | D        | Killed a guardian mummy
 12514 | D        | Killed a guardian mummy
 12590 | D        | Noticed a guardian mummy
 12590 | D        | Noticed a guardian mummy
 12592 | D        | Noticed a mummy priest
 12597 | D        | Killed a guardian mummy
 12612 | D        | Killed a mummy priest
 12618 | D        | Killed a guardian mummy
 12679 | D        | Noticed an Ice Fiend
 12711 | D        | Slain by an Ice Fiend

Vault maps used:
D:        dungeon_sprint_mu

Action                   |  1- 3 |  4- 6 |  7- 9 | 10-12 | 13-15 | 16-18 || total
-------------------------+-------+-------+-------+-------+-------+-------++-------
Melee: Flail             |    36 |    55 |   149 |   405 |       |       ||   645
       Mace              |       |       |       |   367 |   566 |       ||   933
       Demon whip        |       |       |       |       |  1165 |    68 ||  1233
Invok: Heroism           |       |       |     3 |    15 |    21 |       ||    39
       Finesse           |       |       |       |     8 |    20 |       ||    28
 Abil: Fly               |       |     1 |       |       |     1 |       ||     2
       Stop Flying       |       |       |       |       |     1 |       ||     1
  Use: Scroll            |       |     3 |       |       |    13 |       ||    16
       Potion            |       |     2 |     1 |     2 |     3 |       ||     8
 Stab: Sleeping          |       |       |       |     1 |       |       ||     1
  Eat: Bread ration      |       |       |     1 |       |       |       ||     1
       Meat ration       |       |       |       |     1 |     1 |       ||     2
       Chunk             |       |       |       |     7 |    26 |       ||    33
       Fruit             |       |       |       |     3 |     9 |       ||    12
       Royal jelly       |       |       |       |       |     5 |       ||     5
